 Dungeon Crawl Stone Soup version 0.20-a0-266-gdedccd6 (webtiles) character file.

41 gamerape the Skirmisher (level 3, -3/19 HPs)
             Began as a Vine Stalker Abyssal Knight on Dec 5, 2016.
             Was a Follower of Lugonu.
             Slain by a gnoll
             ... wielding a +0 spear
              (5 damage)
             ... on level 3 of the Dungeon.
             The game lasted 00:05:01 (1753 turns).

gamerape the Skirmisher (VSAK)                      Turns: 1753, Time: 00:05:01

Health: -3/19      AC:  5    Str: 18    XL:     3   Next: 52%
Magic:  0/5        EV: 11    Int: 12    God:    Lugonu [*.....]
Gold:   47         SH:  0    Dex: 13    Spells: 2/2 levels left

rFire  . . .     SeeInvis .     a - +1 falchion
rCold  . . .     Gourm    .     b - +0 leather armour
rNeg   . . .     Faith    .     (no shield)
rPois  .         Spirit   +     (no helmet)
rElec  .         Reflect  .     (no cloak)
rCorr  .         Harm     .     f - +1 pair of gloves {Str+3}
MR     .....                    (no boots)
Stlth  +.........               (no amulet)
                                (no ring)
                                (no ring)

@: no status effects
A: fangs 2, magic shield, antimagic bite, no device heal 3, rot immunity
a: Depart the Abyss, Renounce Religion


You were on level 3 of the Dungeon.
You worshipped Lugonu.
Lugonu was aware of your devotion.
You were near starving.

You visited 1 branch of the dungeon, and saw 3 of its levels.
You visited the Abyss 1 time.

You collected 47 gold pieces.

Inventory:

Hand Weapons
 a - a +1 falchion (weapon)
Missiles
 l - 2 curare-tipped needles
Armour
 b - a +0 leather armour (worn)
 f - a +1 pair of gloves of strength (worn)
 h - a +0 pair of gloves
Scrolls
 d - 3 scrolls of teleportation {unknown}
 g - 4 scrolls of identify {unknown}
 j - a scroll of enchant armour {unknown}
 k - a scroll of random uselessness {unknown}
 m - a scroll of amnesia {unknown}
 p - 3 scrolls of remove curse {unknown}
 q - a scroll of magic mapping {unknown}
Potions
 e - a potion of heal wounds
 i - a potion of haste {unknown}
 o - 2 potions of lignification {unknown}
Comestibles
 c - 3 bread rations
 n - a slice of pizza


   Skills:
 + Level 2.9 Fighting
 + Level 2.5 Long Blades
 + Level 2.1 Armour
 + Level 1.1 Dodging
 + Level 0.3 Stealth
 + Level 1.8 Invocations


You had 2 spell levels left.
You didn't know any spells.

Dungeon Overview and Level Annotations

Branches:
Dungeon (3/15)

Altars:

Annotations:
D:1 Crazy Yiuf


Innate Abilities, Weirdness & Mutations

You have extremely sharp teeth.
When hurt, damage is shared between your health and your magic reserves.
Your bite disrupts and absorbs the magic of your enemies.
Potions and wands cannot restore your health.
You are immune to rotting.


Message History

You see here a robe.
The bat misses you.
You open the large door. The bat hits you but does no damage. The bat hits you.
There is a large open door here.
You hit the bat.
You kill the bat!
Lugonu accepts your kill.
The gnoll hits you from afar with a spear.
* * * LOW HITPOINT WARNING * * *
Okay, then.
It was a potion of heal wounds.
That seemed strangely inert.
The gnoll closely misses you. The gnoll hits you with a spear.
* * * LOW HITPOINT WARNING * * *
There is a large open door here.
You hit the gnoll.
The gnoll is lightly wounded.
The gnoll hits you with a spear!
You die...

g. ..####
....# g...
#####+#..
#.......#
#......<#
#.......###
#......g@'##
#..........#
#..........#
########...#
...## #####


You could see 2 gnolls.

Vanquished Creatures
  An adder (D:2)
  2 leopard geckos
  3 bats
  2 giant cockroaches (D:2)
  5 hobgoblins
  5 jackals (D:1)
  A frilled lizard (D:1)
  2 goblins (D:1)
  4 kobolds
  3 rats
28 creatures vanquished.

Notes
Turn   | Place    | Note
-------+----------+-------------------------------------------
     0 | Abyss:1  | gamerape the Vine Stalker Abyssal Knight began the quest for the Orb.
     0 | Abyss:1  | Reached XP level 1. HP: 11/11 MP: 3/3
    24 | Abyss:1  | Noticed a smoke demon
    47 | Abyss:1  | Noticed a raiju
    48 | D:1      | Escaped the Abyss
   128 | D:1      | Reached XP level 2. HP: 14/16 MP: 2/4
   159 | D:1      | Reached * piety under Lugonu
   706 | D:2      | Found a runed door.
   741 | D:2      | Reached XP level 3. HP: 13/19 MP: 5/5
   903 | D:2      | Reached skill level 1 in Dodging
  1326 | D:2      | Noticed Crazy Yiuf
  1753 | D:3      | Slain by a gnoll

Vault maps used:
D:1:      sevenhm_arrival_forest_fort_small_6
D:2:      first_bread, uniq_crazy_yiuf_cottage
D:3:      chequers_temple_overflow_statue_of_worship, uniq_iyjb
Abyss:1:  minivault_1, evilmike_abyss_exit_15

Skill      XL: |  1  2  3 |
---------------+----------+-----
Long Blades    | 2 |  2.5
Armour         | 2 |  2.1
Dodging        | 1 |  1.1
Fighting       | |  2.9
Stealth        | |  0.3
Invocations    | |  1.8

Action                   || total
-------------------------++-------
Melee: Falchion          ||    75
       Bite              ||    18
Invok: Depart the Abyss  ||     1
  Use: Potion            ||     1
  Eat: Chunk             ||     1
Armor: Leather armour    ||    25
Dodge: Dodged            ||    61
       Rpst.: Falchion   ||    16
